AoeStats
← Leiner97

Arabia

508009859Analyzed
1v1 RM · 12d ago on Sep 20, 2026· 30m 35s· 2 players
Game mode
Random Map
Map size
Tiny (2 player)
Population
200
Speed
Normal
Resources
Standard
Victory
Conquest
Starting age
Dark Age
Ending age
Imperial Age
RankedLock teamsTeams togetherTeam positionsShared explorationLock speedFull tech treeHidden civsTurbo modeCheats
Victory
Defeat
🇨🇳 Huns · China
829
+17
🇦🇷 Cumans · Argentina
851
-17
2208939580
9:56 Feudal Age
22:21 Castle Age
21:12 Double-Bit Axe
21:09 Horse Collar
21:42 Gold Mining
22:18 Man-at-Arms
23:43 Scale Mail Armor
23:29 Long Swordsman
24:44 Squires
29:36 Chain Mail Armor
30:08 Scale Barding Armor
Leiner97
7:15 Loom
11:16 Feudal Age
11:39 Horse Collar
11:49 Double-Bit Axe
17:01 Forging
21:01 Scale Mail Armor
22:21 Wheelbarrow
24:16 Man-at-Arms
27:22 Gold Mining
Connection lost

Rejoining the realm…

Still unreachable

The connection could not be restored.

Session expired

The server has moved on; the page needs a fresh start.